 Dungeon Crawl Stone Soup version 0.26-a0-651-gb41185065b (webtiles) character file.

Game seed: 2855726425867254370

102439 Mesmaeker13 the Warrior (level 15, -2/146 HPs)
             Began as a Minotaur Gladiator on Oct 16, 2020.
             Was the Champion of Zin.
             Slain by a thorn hunter (3 damage)
             ... on level 2 of the Swamp.
             The game lasted 00:42:01 (36184 turns).

Mesmaeker13 the Warrior (Minotaur Gladiator)       Turns: 36184, Time: 00:42:02

Health: -2/146     AC: 29    Str: 24    XL:     15   Next: 86%
Magic:  22/22      EV: 11    Int:  5    God:    Zin [******]
Gold:   2721       SH:  0    Dex: 16    Spells: 14/14 levels left

rFire    x . .     SeeInvis .   j - +6 triple sword (holy)
rCold    + . .     Faith    .   (shield currently unavailable)
rNeg     . . .     Spirit   .   r - +2 plate armour {MR+}
rPois    +         Reflect  .   m - +2 hat
rElec    .         Harm     .   p - +2 cloak {Stlth+}
rCorr    .         Rampage  .   g - +1 pair of gloves {Dex+3}
MR       ++...                  M - +0 pair of boots
Stlth    ..........             l - amulet of the acrobat
HPRegen  0.34/turn              x - ring of ice
MPRegen  0.18/turn              h - ring of poison resistance

@: no status effects
A: retaliatory headbutt, horns 2
a: Recite, Vitalisation, Imprison, Sanctuary, Donate Gold, Renounce Religion


You were on level 2 of the Swamp.
You worshipped Zin.
Zin was exalted by your worship.
You visited 5 branches of the dungeon, and saw 26 of its levels.

You collected 3912 gold pieces.
You spent 926 gold pieces at shops.
You donated 265 gold pieces to Zin.

Inventory:

Hand Weapons
 j - a +6 triple sword of holy wrath (weapon)
 T - a +1 scimitar of flaming
Missiles
 c - 5 poisoned darts (quivered)
 I - 19 boomerangs
Armour
 e - a +2 chain mail of positive energy
 g - a +1 pair of gloves of dexterity (worn)
 m - a +2 hat (worn)
 p - a +2 cloak of stealth (worn)
 r - a +2 plate armour of magic resistance (worn)
 v - +0 ice dragon scales
 M - a +0 pair of boots (worn)
Jewellery
 h - a ring of poison resistance (right hand)
 l - an amulet of the acrobat (around neck)
 o - an uncursed amulet of magic regeneration {unknown}
 x - a ring of ice (left hand)
 D - an uncursed ring of resist corrosion
 F - an uncursed ring of protection from magic
 G - an uncursed ring of flight
 K - a +6 ring of strength
 W - an uncursed ring of protection from fire
Wands
 J - a wand of paralysis (9)
 L - a wand of digging (19)
Scrolls
 a - 2 scrolls of vulnerability {unknown}
 b - 3 scrolls of blinking
 k - 7 scrolls of remove curse
 n - 5 scrolls of immolation
 q - a scroll of torment
 u - a scroll of random uselessness {unknown}
 w - 12 scrolls of teleportation
 y - 5 scrolls of fog
 E - 4 scrolls of fear
 N - 5 scrolls of magic mapping
 P - 2 scrolls of brand weapon
 U - a scroll of enchant weapon
 V - a scroll of silence {unknown}
 X - a scroll of amnesia {unknown}
Potions
 f - 8 potions of curing
 i - 3 potions of brilliance
 s - a potion of mutation
 t - 7 potions of haste
 z - a potion of resistance {unknown}
 A - a potion of ambrosia {unknown}
 B - 3 potions of stabbing
 C - 2 potions of heal wounds
 H - 2 potions of magic {unknown}
 Q - 2 potions of invisibility {unknown}
 R - a potion of berserk rage
 S - a potion of cancellation {unknown}
Miscellaneous
 d - a phantom mirror
 O - a phial of floods


   Skills:
 + Level 16.9 Fighting
 + Level 15.0 Long Blades
   Level 9.4 Axes
 - Level 7.0 Throwing
 + Level 16.3 Armour
 - Level 5.0 Dodging
 + Level 11.6 Invocations


You had 14 spell levels left.
You didn't know any spells.
Your spell library contained the following spells:

 Spells                   Type           Power        Failure   Level
 Animate Skeleton         Necr           #.....       98%         1
 Apportation              Tloc           #.....       98%         1
 Corona                   Hex            #......      98%         1
 Foxfire                  Conj/Fire      #...         98%         1
 Pain                     Necr           #...         98%         1
 Sandblast                Erth           #.....       98%         1
 Summon Small Mammal      Summ           #...         98%         1
 Ensorcelled Hibernation  Hex/Ice        #.....       99%         2
 Passwall                 Tmut/Erth      #.......     99%         2
 Confusing Touch          Hex            #.......     100%        3
 Conjure Flame            Conj/Fire      #.......     100%        3
 Dazzling Flash           Conj/Hex       #.....       100%        3
 Inner Flame              Hex/Fire       #.......     100%        3
 Stone Arrow              Conj/Erth      #.....       100%        3
 Tukima's Dance           Hex            #.......     100%        3
 Vampiric Draining        Necr           #.........   100%        3
 Animate Dead             Necr           #.........   100%        4
 Petrify                  Tmut/Erth      #.......     100%        4
 Sticky Flame             Conj/Fire      #.......     100%        4
 Agony                    Necr           #.......     100%        5
 Fireball                 Conj/Fire      #.........   100%        5
 Lee's Rapid Deconstruct  Erth           #.........   100%        5


Dungeon Overview and Level Annotations

Branches:
Dungeon (15/15)            Temple (1/1) D:6            Lair (6/6) D:8
  Swamp (2/4) Lair:4       Spider (0/4) Lair:2        Slime (0/5) Lair:6
    Orc (2/2) D:9             Elf (0/3) Orc:2        Vaults (0/5) D:13
 Depths (0/5) D:15

Altars:
Ashenzari
Cheibriados
Dithmenos
Elyvilon
Fedhas
Gozag
Hepliaklqana
Kikubaaqudgha
Makhleb
Nemelex Xobeh
Okawaru
Qazlal
Ru
Sif Muna
Trog
Uskayaw
Vehumet
Wu Jian
Xom
Yredelemnul
Zin
The Shining One
Jiyva

Shops:
D:13 (   Orc:1 *   Orc:2 [[!}:

Annotations:
D:14 2 transporters, Omuih's ghost, journeyman DDFi
Lair:4 exclusion: ice statue
Lair:6 1 runed translucent door, exclusion: oklob plant, Rythoj's ghost, journeyman MiBe


Innate Abilities, Weirdness & Mutations

You reflexively headbutt those who attack you in melee.
You have a pair of horns on your head.


Message History

The thorn hunter hits you but does no damage.
Unknown command.
You closely miss the thorn hunter. Your headbutt misses the thorn hunter.
The thorn hunter is almost destroyed.
The thorn hunter closely misses you.
The thorn hunter hits you but does no damage.
You slash the thorn hunter! Your headbutt misses the thorn hunter.
The thorn hunter is almost destroyed.
The thorn hunter hits you but does no damage.
The thorn hunter hits you.
* * * LOW HITPOINT WARNING * * *
Unknown command.
You hit the thorn hunter but do no damage.
You headbutt the thorn hunter.
The thorn hunter is almost destroyed.
The thorn hunter misses you. The thorn hunter barely misses you.
The thorn hunter hits you!
* * * LOW HITPOINT WARNING * * *
The thorn hunter hits you.
You die... ♣.≈..♣♣§≈≈≈♣♣.♣ ♣.≈≈♣♣♣≈♣♣.♣♣.♣ ≈♣ ♣..≈≈ ♣PPP.♣♣.♣ ≈≈♣ ♣≈≈≈♣ ♣PPPP.P.♣

..≈≈ ♣≈.. ♣PP.≈♣♣.♣
♣≈≈≈≈ ♣≈..
♣♣≈P.≈≈..♣♣ ♣.(≈≈≈
♣..♣
♣.≈≈≈≈≈>§.♣♣♣♣≈..≈≈≈
♣.PP♣≈♣.≈♣♣♣..≈♣.≈.≈
♣.≈.≈≈≈≈@♣..†.f≈....
♣.≈†.....f≈≈♣.≈≈≈.♣.
♣≈..≈≈≈≈.♣♣≈≈≈≈≈≈...
♣♣.≈≈≈≈≈≈.≈≈≈≈≈.≈≈.♣.
♣.........../.♣♣.≈.♣
♣..♣≈♣≈≈≈≈.♣≈≈. .≈≈..
♣≈♣≈≈≈≈♣≈≈....♣♣ ♣.♣.
♣.≈♣♣≈≈≈≈≈≈.♣♣♣ .♣ ♣≈
≈≈≈≈≈≈≈.♣


You could see a thorn hunter.

Vanquished Creatures
  A thorn hunter (Swamp:1)
  A stone giant (Orc:2)
  Josephine (Lair:6)
  8 vault guards (D:13)
  9 hydras
  3 catoblepae (Lair:6)
  2 ice dragons (D:15)
  3 centaur warriors
  A shambling mangrove (Swamp:2)
  4 alligators
  A death knight (D:15)
  2 ogre magi (Orc:2)
  11 two-headed ogres
  A tengu warrior (D:14)
  6 death yaks
  2 deep trolls (Orc:2)
  A wizard (D:14)
  2 swamp dragons
  2 deep elf magi
  3 orc knights
  An orc sorcerer (Orc:2)
  5 cyclopes
  4 manticores
  10 ugly things
  17 cane toads
  5 gargoyles
  5 black mambas
  6 centaur skeletons
  A cane toad (shapeshifter) (D:15)
  A yaktaur (D:15)
  3 kobold demonologists (D:14)
  4 rime drakes
  An efreet (D:13)
  4 komodo dragons
  9 trolls
  2 polar bears (Lair:4)
  23 blink frogs
  A hornet (D:15)
  9 hippogriffs
  4 tyrant leeches
  2 bog bodies
  11 dream sheep (Lair:4)
  3 slime creatures (D:13)
  A vampire (D:8)
  9 wraiths
  41 yaks
  A centaur simulacrum (D:15)
  The ghost of gbos the Fighter, an amateur GnWn (D:4)
  2 wyverns
  2 basilisks
  Grum (D:8)
  11 vampire mosquitoes
  22 insubstantial wisps
  A swamp worm (Swamp:2)
  Menkaure (D:6)
  Edmund (D:6)
  4 wargs
  An acid dragon (D:15)
  A soldier ant (D:11)
  13 water moccasins
  12 porcupines
  10 ice beasts
  A black bear (D:11)
  14 orc warriors
  2 swamp drakes (Swamp:1)
  2 phantoms
  4 sky beasts
  11 wolves
  27 ogres
  11 crocodiles
  A centaur (D:12)
  A wyvern zombie (D:13)
  21 bullfrogs
  A gnoll sergeant (D:6)
  2 scorpions
  9 killer bees
  13 wights
  5 electric eels
  6 howler monkeys
  4 crimson imps (D:3)
  3 bullfrog zombies
  10 hounds
  4 quasits
  3 centaur zombies
  13 orc priests
  5 jellies
  10 orc wizards
  An iguana (D:12)
  2 bullfrog skeletons
  7 hell rats
  7 worker ants
  A killer bee zombie (D:9)
  2 worker ant zombies (D:6)
  5 gnolls (D:6)
  16 adders
  17 white imps
  3 adder skeletons
  A worm (D:2)
  A dart slug (D:1)
  3 leopard geckos
  57 orcs
  A ball python (D:4)
  5 giant cockroaches
  4 goblins
  7 hobgoblins
  12 jackals
  8 kobolds
  3 quokkas
  5 bats
  3 frilled lizards
  2 leopard gecko skeletons
  7 rats
  A briar patch (Swamp:1)
694 creatures vanquished.

Vanquished Creatures (others)
  An alligator (Swamp:1)
  48 fungi
  31 plants
80 creatures vanquished.

Grand Total: 774 creatures vanquished

Notes
Turn   | Place    | Note
-------+----------+-------------------------------------------
     0 | D:1      | Mesmaeker13 the Minotaur Gladiator began the quest for the
                  | Orb.
     0 | D:1      | Reached XP level 1. HP: 18/18 MP: 0/0
   230 | D:1      | Reached XP level 2. HP: 25/25 MP: 1/1
   520 | D:2      | Reached XP level 3. HP: 30/31 MP: 2/2
   817 | D:2      | Reached XP level 4. HP: 35/38 MP: 3/3
  1483 | D:3      | Found a hazy altar of Hepliaklqana.
  1647 | D:3      | Reached XP level 5. HP: 19/46 MP: 4/4
  1907 | D:3      | Found a shimmering altar of Xom.
  1927 | D:3      | Reached skill level 5 in Axes
  1935 | D:3      | Reached XP level 6. HP: 47/53 MP: 5/5
  2532 | D:4      | Found a runed translucent gate.
  2533 | D:4      | Found a runed translucent gate.
  2533 | D:4      | Found a runed translucent gate.
  2535 | D:4      | Noticed gbos's ghost (amateur GnWn)
  2857 | D:5      | Entered Level 5 of the Dungeon
  2961 | D:5      | Reached skill level 5 in Dodging
  2990 | D:5      | Noticed a sky beast
  3005 | D:5      | Killed a sky beast
  3005 | D:5      | Reached skill level 5 in Fighting
  3005 | D:5      | Reached skill level 1 in Armour
  3005 | D:5      | Reached XP level 7. HP: 11/61 MP: 6/6
  4067 | D:6      | Found a radiant altar of Vehumet.
  4488 | D:6      | Found a staircase to the Ecumenical Temple.
  4509 | D:6      | Noticed Menkaure
  4510 | D:6      | Noticed Edmund
  4520 | D:6      | Killed Menkaure
  4529 | D:6      | Killed Edmund
  4529 | D:6      | Reached skill level 5 in Throwing
  4529 | D:6      | Reached XP level 8. HP: 27/70 MP: 7/7
  4778 | D:6      | Found a basalt altar of Yredelemnul.
  6300 | D:8      | Noticed Grum
  6302 | D:8      | Noticed a troll
  6327 | D:8      | Reached skill level 5 in Armour
  6694 | D:8      | Killed Grum
  6875 | D:8      | Killed a troll
  6875 | D:8      | Reached XP level 9. HP: 23/79 MP: 8/8
  7274 | D:8      | Got a translucent falchion
  7560 | D:8      | Found a shadowy altar of Dithmenos.
  7701 | D:8      | Found a staircase to the Lair.
  8072 | D:8      | Found a snail-covered altar of Cheibriados.
  8364 | Temple   | Entered the Ecumenical Temple
  8378 | Temple   | Became a worshipper of Zin the Law-Giver
  8378 | Temple   | Reached * piety under Zin
  8378 | Temple   | Reached ** piety under Zin
  8677 | D:8      | Identified the +11 falchion of World Downfall {vorpal,
                  | rPois Dex+5} (You found it on level 8 of the Dungeon)
  8682 | Lair:1   | Entered Level 1 of the Lair of Beasts
  8700 | Lair:1   | Reached skill level 1 in Long Blades
  8979 | D:8      | Reached XP level 10. HP: 76/91 MP: 9/9
  9673 | Lair:1   | Reached skill level 10 in Fighting
  9673 | Lair:1   | Reached skill level 5 in Long Blades
  9870 | Lair:1   | Noticed a black mamba
  9875 | Lair:1   | Killed a black mamba
 10801 | Lair:2   | Noticed a cane toad
 10811 | Lair:2   | Reached XP level 11. HP: 96/101 MP: 10/10
 10819 | Lair:2   | Reached skill level 10 in Armour
 11527 | Lair:2   | Found a hole to the Spider Nest.
 11609 | Lair:2   | Reached *** piety under Zin
 11677 | Lair:3   | Noticed a four-headed hydra
 11687 | Lair:3   | Killed a four-headed hydra
 11687 | Lair:3   | Reached skill level 1 in Invocations
 13231 | Lair:4   | Reached XP level 12. HP: 113/113 MP: 12/14
 13298 | Lair:4   | Noticed a seven-headed hydra
 13354 | Lair:4   | Killed a seven-headed hydra
 14060 | Lair:4   | Reached skill level 10 in Long Blades
 14061 | Lair:4   | Reached skill level 5 in Invocations
 14374 | Lair:4   | Reached **** piety under Zin
 14499 | Lair:4   | Found a staircase to the Swamp.
 14994 | Lair:5   | You fall into a shaft and drop 1 floor!
 14994 | Lair:6   | Entered Level 6 of the Lair of Beasts
 15091 | Lair:6   | Found a runed translucent door.
 15095 | Lair:6   | Noticed Rythoj's ghost (journeyman MiBe)
 15374 | Lair:5   | Reached ***** piety under Zin
 15487 | Lair:5   | Noticed a four-headed hydra
 15497 | Lair:5   | Killed a four-headed hydra
 17530 | Lair:6   | Reached XP level 13. HP: 110/122 MP: 17/17
 17648 | Lair:6   | Found a viscous altar of Jiyva.
 17648 | Lair:6   | Found a staircase to the Slime Pits.
 17720 | Lair:6   | Noticed Josephine
 17731 | Lair:6   | Killed Josephine
 20430 | D:9      | Identified a scroll of acquirement
 20431 | D:9      | Acquired 1042 gold pieces
 20999 | D:9      | Found a staircase to the Orcish Mines.
 21087 | D:9      | Reached ****** piety under Zin
 21346 | D:10     | Entered Level 10 of the Dungeon
 22246 | D:10     | Acquired a +3 triple sword of holy wrath
 22331 | Orc:1    | Entered Level 1 of the Orcish Mines
 23232 | Orc:1    | Found Helo's General Store.
 23240 | Orc:1    | Bought the +3 chain mail of Boredom {Str+2} for 307 gold
                  | pieces
 23276 | Orc:2    | Entered Level 2 of the Orcish Mines
 24570 | Orc:1    | Reached XP level 14. HP: 115/133 MP: 19/19
 25804 | Orc:2    | Reached skill level 15 in Fighting
 25957 | Orc:2    | Found Uluvvas's Book Shoppe.
 25960 | Orc:2    | Found Dackinea's Distillery.
 25967 | Orc:2    | Found Bileilaz's Antique Armour Emporium.
 25968 | Orc:2    | Found Qiemuj's Antique Armour Emporium.
 26031 | Orc:2    | Noticed a stone giant
 26615 | Orc:2    | Killed a stone giant
 27272 | Orc:2    | Bought a pair of embroidered gloves for 180 gold pieces
 27282 | Orc:2    | Bought a glowing hat for 259 gold pieces
 27297 | Orc:2    | Bought an embroidered cloak for 180 gold pieces
 27419 | Orc:2    | Found a staircase to the Elven Halls.
 27568 | Orc:2    | Found Pudah's Gadget Shoppe.
 29443 | D:13     | Found Haocaq's Antique Weapon Emporium.
 29856 | D:13     | Reached skill level 15 in Armour
 30091 | D:13     | Reached skill level 10 in Invocations
 30578 | D:13     | Found a gate to the Vaults.
 30866 | D:14     | Found a transporter.
 30881 | D:14     | Noticed Omuih's ghost (journeyman DDFi)
 30947 | D:14     | Found a transporter.
 31164 | D:14     | Reached XP level 15. HP: 116/143 MP: 21/21
 31812 | D:15     | Entered Level 15 of the Dungeon
 32178 | D:15     | Found a white marble altar of Elyvilon.
 33525 | D:15     | Found a staircase to the Depths.
 33906 | D:4      | Killed gbos's ghost
 34114 | Swamp:1  | Entered Level 1 of the Swamp
 34638 | Swamp:1  | Noticed a thorn hunter
 34656 | Swamp:1  | Killed a thorn hunter
 35840 | Swamp:2  | Reached skill level 15 in Long Blades
 36165 | Swamp:2  | Noticed a thorn hunter
 36180 | Swamp:2  | HP: 6/146 [thorn hunter (5)]
 36184 | Swamp:2  | HP: 1/146 [thorn hunter (13)]
 36184 | Swamp:2  | Slain by a thorn hunter

Illustrated notes

Levels and vault maps discovered:
D:1:      mrwooster_arrival_arrow, layout_rooms
D:2:      layout_basic, minmay_misc_feat_cross, minmay_split_cup_small
D:3:      layout_basic, nicolae_overflow_hidden_temple, led_xom_imps
D:4:      layout_layer_cave, gammafunk_ghost_necromancy, grunt_decor_resistance
D:5:      cheibrodos_helix_gallery, layout_gridville
D:6:      cheibrodos_quashed, layout_basic, yredelemnul_altar_generic,
          vehumet_crystals, minmay_temple_entry_sparse_star,
          minmay_starry_boxes, uniq_edmund, uniq_menkaure
D:7:      layout_basic
D:8:      layout_basic, nicolae_dithmenos_the_darkroom, lemuel_crystal_altar,
          erik_lair_island, uniq_grum
D:9:      layout_gridville, david_orc_3
D:10:     layout_loops_ring
D:11:     layout_rooms
D:12:     layout_roguey
D:13:     layout_basic, erik_vaults_2, serial_shops, nicolae_shop_trees
D:14:     layout_roguey, minmay_holes, gammafunk_ghost_mausoleum
D:15:     grunt_enter_depths_hoard, layout_stronghold, elyvilon_altar_5
Temple:   lightli_temple_of_artemis
Lair:1:   layout_chaotic_city
Lair:2:   layout_loops_ring, dummy_spider_entry, beast_lair_carwin_2
Lair:3:   layout_small_grid, minivault_23, small_statue_intersection,
          eino_small_chamber_without_monster, grunt_megastairs_3
Lair:4:   layout_regular_city, swamp_mist_pool, ice2_lemuel, grunt_megastairs_5
Lair:5:   layout_concentric_octagons, cheibrodos_lair_caveside_slide,
          serial_bayou_lagoon_a, chequers_serial_rivers_large_b,
          chequers_serial_rivers_room_a
Lair:6:   evilmike_catoblepas_cave, layout_misc_corridors, slime_altar_1,
          hellmonk_ghost_happy_afterlife, uniq_josephine
Swamp:1:  layout_falls_marsh, evilmike_swamp_ruin_rubble_1, swamp_pool2
Swamp:2:  layout_falls_marsh, evilmike_swamp_ruin_house_6
Orc:1:    layout_caves, portal_ice_cave_entry_imps, serial_shops,
          nicolae_shop_stone
Orc:2:    st_orc_open, layout_caves, serial_shops, nicolae_shop_waterfront

Skill      XL: |  1  2  3  4  5  6  7  8  9 10 11 12 13 14 15 |
---------------+----------------------------------------------+-----
Axes           | 4 5 6 8 9 |  9.4
Fighting       | 3 4 5 6 7 9 10 12 13 14 15 16 | 16.9
Dodging        | 4 5 |  5.0
Throwing       | 3 4 5 6 7 |  7.0
Armour         | 1 3 5 7 9 11 12 14 15 16 | 16.3
Long Blades    | 3 7 9 11 12 13 15 | 15.0
Invocations    | 4 6 8 10 11 | 11.6

Action                   |  1- 3 |  4- 6 |  7- 9 | 10-12 | 13-15 || total
-------------------------+-------+-------+-------+-------+-------++-------
Melee: War axe           |    58 |    91 |   201 |       |    91 ||   441
       Headbutt          |     3 |    19 |    40 |   132 |   317 ||   511
       Falchion          |       |       |    19 |   400 |   210 ||   629
       Dire flail        |       |       |       |    12 |       ||    12
       Triple sword      |       |       |       |       |   714 ||   714
       Scimitar          |       |       |       |       |    26 ||    26
Throw: Throwing net      |       |     1 |     4 |     3 |     5 ||    13
       Boomerang         |       |       |       |     2 |     8 ||    10
       Dart              |       |       |       |       |     1 ||     1
Invok: Vitalisation      |       |       |       |       |     2 ||     2
       Recite            |       |       |       |       |     1 ||     1
Evoke: Wand              |       |       |    24 |    29 |     9 ||    62
       Phial of floods   |       |       |       |     1 |     1 ||     2
       Phantom mirror    |       |       |       |       |     2 ||     2
  Use: Scroll            |     3 |     4 |     6 |     3 |    17 ||    33
       Potion            |       |     1 |       |       |     3 ||     4
 Stab: Held in net/web   |       |       |     3 |       |     4 ||     7
       Paralysed         |       |       |       |       |     9 ||     9
Armor: Leather armour    |    12 |    10 |       |       |       ||    22
       Ring mail         |       |     7 |     1 |       |       ||     8
       Scale mail        |       |       |    54 |       |       ||    54
       Chain mail        |       |       |    10 |   149 |   179 ||   338
       Plate armour      |       |       |       |       |   403 ||   403
Dodge: Dodged            |    55 |    77 |   187 |   264 |   652 ||  1235
       Rpst.: Falchion   |       |       |     5 |    62 |    20 ||    87
       Triple sword      |       |       |       |       |   115 ||   115
       Scimitar          |       |       |       |       |     4 ||     4

Table legend: (Time is in decaauts)
 A = Elapsed time spent in this place.
 B = Non-inter-level travel time spent in this place.
 C = Inter-level travel time spent in this place.
 D = Time resting spent in this place.
 E = Time spent auto-exploring this place.
 F = Levels seen in this place.
 G = Mean time per level.
                   A        B        C        D        E       F      G
               +--------+--------+--------+--------+--------+-----+--------+
         Total |  36469 |  34426 |   2043 |  12247 |  17073 |  26 | 1402.7 |
       Dungeon |  17513 |  16137 |   1376 |   4445 |   9297 |  15 | 1167.5 |
        Temple |    105 |     95 |     10 |      0 |     83 |   1 |  105.0 |
          Lair |  11245 |  10784 |    461 |   4265 |   5023 |   6 | 1874.2 |
         Swamp |   1965 |   1930 |     35 |    547 |   1015 |   2 |  982.5 |
  Orcish Mines |   5638 |   5480 |    158 |   2989 |   1654 |   2 | 2819.0 |
               +--------+--------+--------+--------+--------+-----+--------+

Top non-repeatable levels by time:
  Lair:6: 3579 daAuts
   Orc:1: 3459 daAuts
     D:8: 2774 daAuts
   Orc:2: 2179 daAuts
  Lair:5: 1960 daAuts
  Lair:4: 1923 daAuts
    D:15: 1827 daAuts
     D:7: 1528 daAuts
  Lair:1: 1489 daAuts
    D:13: 1444 daAuts
  Lair:3: 1399 daAuts
 Swamp:1: 1343 daAuts
     D:6: 1323 daAuts
     D:5: 1222 daAuts
     D:3: 1218 daAuts
